 Dungeon Crawl Stone Soup version 0.22-a0-284-g99d1f74 (webtiles) character file.

1078 Klosterheim the Tainter (level 8, -11/69 HPs)
             Began as a Naga Venom Mage on Mar 21, 2018.
             Splashed by Ijyb's acid (13 damage)
             ... on level 5 of the Dungeon.
             The game lasted 00:12:15 (4890 turns).

Klosterheim the Tainter (Naga Venom Mage)           Turns: 4890, Time: 00:12:16

Health: -11/69     AC:  2    Str: 11    XL:     8   Next: 29%
Magic:  5/23       EV: 10    Int: 18    God:
Gold:   232        SH:  0    Dex: 11    Spells: 8/15 levels left

rFire    . . .     SeeInvis +   o - +0 dagger (venom)
rCold    . . .     Gourm    .   (no shield)
rNeg     + . .     Faith    .   v - +2 robe {MR+}
rPois    +         Spirit   .   (no helmet)
rElec    .         Reflect  .   (no cloak)
rCorr    .         Harm     .   r - +0 pair of gloves
MR       ++...                  (no barding)
Stlth    ++++......             (no amulet)
HPRegen  0.21/turn              i - ring of magical power
MPRegen  0.18/turn              j - ring of positive energy

@: corroded, very slightly contaminated, very slow
A: large, see invisible, deformed body, poison resistance, slowness 2, slow
metabolism 1, spit poison 1, AC +2
a: Spit Poison


You were on level 5 of the Dungeon.
You were hungry.

You visited 1 branch of the dungeon, and saw 6 of its levels.

You collected 232 gold pieces.

Inventory:

Hand Weapons
 o - a +0 dagger of venom (weapon)
Armour
 r - a +0 pair of gloves (worn)
 v - a +2 robe of magic resistance (worn)
Jewellery
 f - a cursed amulet of inaccuracy {unknown}
 i - a ring of magical power (left hand)
 j - a ring of positive energy (right hand)
 n - an uncursed ring of flight
 p - an uncursed ring of ice
Scrolls
 b - a scroll of teleportation
 g - 2 scrolls of enchant armour
 q - 2 scrolls of fear
 w - a scroll of blinking
 y - 2 scrolls of fog
Potions
 a - a potion of ambrosia
 e - 4 potions of curing
 m - a potion of haste
Comestibles
 c - 9 rations


   Skills:
 - Level 3.0 Fighting
 - Level 2.0 Dodging
 + Level 7.9 Stealth
 + Level 4.2 Spellcasting
 - Level 2.0 Conjurations
 * Level 8.6 Poison Magic


You had 8 spell levels left.
You knew the following spells:

 Your Spells              Type           Power        Failure   Level  Hunger
a - Sting                 Conj/Pois      ###.         1%          1    None
b - Poisonous Vapours     Pois/Air       ###...       3%          2    ##.....
c - Olgreb's Toxic Radia  Pois           ####....     4%          4    ####...


Dungeon Overview and Level Annotations

Branches:
Dungeon (6/15)             Temple (0/1) D:4

Altars:
Hepliaklqana
Okawaru

Annotations:
D:5 Ijyb


Innate Abilities, Weirdness & Mutations

You cannot wear boots.
Your serpentine skin is tough. (AC +2)
You have supernaturally acute eyesight. (SInv)
Armour fits poorly on your strangely shaped body.
Your system is resistant to poisons. (rPois)
You cover ground very slowly.
You have a slow metabolism.
You can spit poison.


Message History

Press: ? - help, Dir - move target cursor, f/p - Ijyb
Aim: Ijyb, wearing a chain mail and carrying a wand of acid (9) (almost dead, poisoned) Poisonous vapours surround Ijyb!
You kill Pikel!
Training target 3.0 for Fighting reached!
Your Fighting skill gained 2 levels and is now at level 3!
Your Spellcasting skill increases to level 4!
Your Poison Magic skill increases to level 8!
You have reached level 8!
You feel stronger.
Your toxic aura wanes.
Ijyb is engulfed in poison gas.
Ijyb looks as sick as possible!
Ijyb screams, "Die!"
Ijyb closely misses you.
You hit Ijyb but do no damage.
Ijyb looks as sick as possible!
Ijyb is almost dead.
Ijyb zaps a wand.
The bolt of acid hits you!
* * * LOW HITPOINT WARNING * * *
You are splashed with acid!
The acid burns!
You die...

#### #.#
#........# #.#
#####.#### ### #+#
#...# ..# ...
#.### #.# ....
##.# #.# .....
##..# #.##
......####..<##
...+
......')g.....####
#.##
......###@.......#
..# .....
##.#..###.# ###
...g #.....# #.#
..K #..##.# #.#
########'# #.....#
#.# ......##.#
#.....# #.#
......##.# ##..###
#.# ......##.##
#..#####.#
......#...####
#........#


You could see Ijyb.

Vanquished Creatures
  Pikel (D:5)
  3 slaves (D:5)
  An ogre (D:6)
  A phantom (D:6)
  A scorpion (D:6)
  A bullfrog zombie (D:6)
  2 hounds
  4 orc wizards
  A centaur skeleton (D:6)
  A worker ant (D:4)
  4 gnolls (D:2)
  5 adders
  A worm (D:3)
  A dart slug (D:1)
  A leopard gecko (D:2)
  11 orcs
  4 giant cockroaches
  9 goblins
  3 jackals
  5 kobolds
  A ball python (D:2)
  6 bats
  5 frilled lizards
  6 rats
78 creatures vanquished.

Notes
Turn   | Place    | Note
-------+----------+-------------------------------------------
     0 | D:1      | Klosterheim the Naga Venom Mage began the quest for the Orb.
     0 | D:1      | Reached XP level 1. HP: 15/15 MP: 3/3
   248 | D:1      | Reached XP level 2. HP: 22/22 MP: 1/5
  1059 | D:2      | Reached XP level 3. HP: 28/28 MP: 1/6
  1492 | D:2      | Found an iron altar of Okawaru.
  1516 | D:2      | Found a hazy altar of Hepliaklqana.
  1617 | D:2      | Reached XP level 4. HP: 33/36 MP: 1/7
  1765 | D:2      | Learned a level 2 spell: Poisonous Vapours
  2054 | D:3      | Reached skill level 5 in Poison Magic
  2054 | D:3      | Reached XP level 5. HP: 39/42 MP: 0/9
  2408 | D:3      | Reached skill level 5 in Stealth
  3215 | D:3      | Reached XP level 6. HP: 49/49 MP: 10/10
  3239 | D:4      | Reached skill level 6 in Poison Magic
  3740 | D:4      | Found a staircase to the Ecumenical Temple.
  3740 | D:4      | You fall through a shaft for 2 floors!
  3747 | D:6      | Noticed a phantom
  3801 | D:6      | Killed a phantom
  3801 | D:6      | Reached skill level 1 in Fighting
  3896 | D:6      | Reached XP level 7. HP: 57/57 MP: 12/12
  3927 | D:6      | Reached skill level 7 in Poison Magic
  4423 | D:5      | Entered Level 5 of the Dungeon
  4524 | D:5      | Noticed Pikel
  4843 | D:5      | Learned a level 4 spell: Olgreb's Toxic Radiance
  4866 | D:5      | Noticed Ijyb
  4889 | D:5      | Killed Pikel
  4889 | D:5      | Reached skill level 8 in Poison Magic
  4889 | D:5      | Reached XP level 8. HP: 16/69 MP: 4/14
  4890 | D:5      | HP: 2/69 [Ijyb/wand of acid (9) (14)]
  4890 | D:5      | Splashed by Ijyb's acid

Vault maps used:
D:1:      minmay_arrival_four_loops
D:2:      okawaru_gym_becter, lemuel_round_altar
D:3:      first_ration, grunt_ministairs_11
D:4:      temple_doors_e
D:5:      uniq_ijyb, uniq_pikel
D:6:      tgw_trog, gup_sewer_entry_spiral, hangedman_decor_riveting,
          nrook_uturn

Skill      XL: |  1  2  3  4  5  6  7 |
---------------+----------------------+-----
Dodging        | 2 |  2.0
Stealth        | 4 5 6 7 |  7.9
Conjurations   | 2 |  2.0
Poison Magic   | 5 6 8 |  8.6
Spellcasting   | 3 4 |  4.2
Fighting       | 1 3 |  3.0

Action                   |  1- 3 |  4- 6 |  7- 9 || total
-------------------------+-------+-------+-------++-------
Melee: Short sword       |    15 |    13 |       ||    28
       Dagger            |       |    80 |    46 ||   126
 Cast: Sting             |    48 |    36 |     8 ||    92
       Poisonous Vapours |       |    32 |    24 ||    56
       Olgreb's Toxic Ra |       |       |     1 ||     1
  Use: Scroll            |       |    12 |     4 ||    16
       Potion            |       |     2 |     1 ||     3
 Stab: Sleeping          |     1 |     1 |       ||     2
  Eat: Chunk             |     1 |     8 |       ||     9
       Ration            |       |       |     1 ||     1
Armor: Robe              |     4 |    32 |    22 ||    58
Dodge: Dodged            |    17 |    76 |    43 ||   136

Table legend:
 A = Spawn XP
 B = Non-spawn XP
 C = Spawn XP percentage of total XP
 D = Spawn monster count
 E = Non-spawn monster count
 F = Spawn count percentage of total count
 G = Total turns spent on level
                    A         B        C        D         E        F      G
               +---------+---------+-------+---------+---------+-------+---------
         Total |       0 |    1541 |   0.0 |       0 |      75 |   0.0 |  4890
               +---------+---------+-------+---------+---------+-------+---------
           D:1 |       0 |      28 |   0.0 |       0 |      16 |   0.0 |  1079
           D:2 |       0 |     117 |   0.0 |       0 |      19 |   0.0 |  1065
           D:3 |       0 |     175 |   0.0 |       0 |      23 |   0.0 |  1090
           D:4 |       0 |     126 |   0.0 |       0 |       8 |   0.0 |   506
           D:5 |       0 |     641 |   0.0 |       0 |       1 |   0.0 |   467
           D:6 |       0 |     454 |   0.0 |       0 |       8 |   0.0 |   683
               +---------+---------+-------+---------+---------+-------+---------
